 Dungeon Crawl Stone Soup version 0.26.1-10-gdfb7c7de75 (webtiles) character file.

Game seed: 8706039249807072975

220 GenialerGandalf the Chopper (level 5, -1/47 HPs)
             Began as a Hill Orc Fighter on Apr 5, 2021.
             Slain by Grinder (6 damage)
             ... on level 3 of the Dungeon.
             The game lasted 00:09:11 (3047 turns).

GenialerGandalf the Chopper (Hill Orc Fighter)      Turns: 3047, Time: 00:09:14

Health: -1/47      AC:  7    Str: 20    XL:     5   Next: 97%
Magic:  5/5        EV:  8    Int:  8    God:
Gold:   140        SH:  9    Dex: 10    Spells: 4/4 levels left

rFire    . . .     SeeInvis .   a - +0 war axe
rCold    . . .     Faith    .   c - +0 kite shield
rNeg     . . .     Spirit   .   b - +0 scale mail
rPois    .         Reflect  .   (no helmet)
rElec    .         Harm     .   (no cloak)
rCorr    .         Rampage  .   (no gloves)
Will     .....                  (no boots)
Stlth    ..........             n - amulet of magic regeneration
HPRegen  0.15/turn              (no ring)
MPRegen  0.34/turn              (no ring)

@: no status effects
A: no striking features
a: no special abilities


You were on level 3 of the Dungeon.
You visited 1 branch of the dungeon, and saw 3 of its levels.

You collected 140 gold pieces.

Inventory:

Hand Weapons
 a - a +0 war axe (weapon)
 u - a +2 quarterstaff of chaos
Missiles
 f - 144 stones (quivered)
 j - 3 javelins
 l - 3 large rocks
 s - 24 bolts
Armour
 b - a +0 scale mail (worn)
 c - a +0 kite shield (worn)
Jewellery
 n - an amulet of magic regeneration (around neck)
Wands
 t - a wand of digging (7)
Scrolls
 e - a scroll of blinking {unknown}
 g - 6 scrolls of remove curse
 k - a scroll of magic mapping
 m - 2 scrolls of teleportation
 q - 4 scrolls of identify
 r - a scroll of enchant armour {unknown}
 w - a scroll of fear {unknown}
 x - a scroll of noise {unknown}
 y - a scroll of immolation {unknown}
Potions
 d - 2 potions of might
 h - a potion of heal wounds {unknown}
 i - 4 potions of mutation {unknown}
 o - a potion of attraction {unknown}
 p - 2 potions of curing {unknown}
 v - a potion of resistance {unknown}
 z - a potion of haste {unknown}


   Skills:
 + Level 4.5 Fighting
 + Level 5.2 Axes
 + Level 4.2 Armour
 + Level 1.0 Dodging
 + Level 4.2 Shields


You had 4 spell levels left.
You didn't know any spells.
Your spell library was empty.

Dungeon Overview and Level Annotations

Branches:
Dungeon (3/15)

Altars:
Ashenzari
Gozag
Nemelex Xobeh
Qazlal
The Shining One

Annotations:
D:3 Grinder


Message History

The shadow imp disappears in a puff of smoke! x2
The white imp disappears in a puff of smoke!
You see here the felid corpse of Natasha.
You see here the felid corpse of Natasha.
Grinder shouts!
The hobgoblin shouts!
Grinder blinks!
You hit Grinder.
Grinder is lightly wounded.
Grinder hits you.
* * * LOW HITPOINT WARNING * * *
You writhe in agony.
* * * LOW HITPOINT WARNING * * *
You hit Grinder.
Grinder is lightly wounded.
Grinder gestures at you.
You barely resist. Grinder hits you.
* * * LOW HITPOINT WARNING * * *
You writhe in agony.
You die...

#.#.####.##.#########..#*,*
####.#.......).#.......[..#*,*
...#.......#......#######.#*,*
##.##......#.....##.# ###†#*,*
#..##.....#....##..# #...#*,*
#...##....#...##...# #.###*,*
#....##...#..##....###.# *,*
#.....##..#.##......##.# *,*
##.....####'#..@5...##.# *,*
#......#...#....†..##.# *,*
########._.#######...<# *,*
*,,,,,.#...#......##### *,*
###.).,,.######.....** *,*
......,,*#g*,.##....,*******,*
###...,**.,*,,.##...,,,,,,,,,*
......**,,,*,,,.##..,*********
##...#*,,,,*,,,,,##.,*


You could see Grinder.

Vanquished Creatures
  Crazy Yiuf (D:2)
  Jessica (D:3)
  Natasha (twice) (D:3)
  4 adders (D:2)
  4 worms (D:3)
  A dart slug (D:2)
  A leopard gecko (D:2)
  4 orcs (D:3)
  3 bats
  2 giant cockroaches
  9 goblins
  7 hobgoblins
  2 jackals (D:2)
  8 kobolds
  A ball python (D:2)
  5 frilled lizards
  11 rats
66 creatures vanquished.

Notes
Turn   | Place    | Note
-------+----------+-------------------------------------------
     0 | D:1      | GenialerGandalf the Hill Orc Fighter began the quest for
                  | the Orb.
     0 | D:1      | Reached XP level 1. HP: 19/19 MP: 1/1
   522 | D:1      | Reached XP level 2. HP: 23/27 MP: 2/2
   533 | D:1      | Reached skill level 3 in Axes
  1049 | D:2      | Reached XP level 3. HP: 26/33 MP: 3/3
  1263 | D:2      | Found a stormy altar of Qazlal.
  1358 | D:2      | Found a runed translucent door.
  1359 | D:2      | Noticed Crazy Yiuf
  1608 | D:2      | Found a glowing golden altar of the Shining One.
  1680 | D:2      | Reached XP level 4. HP: 40/40 MP: 4/4
  1798 | D:2      | Found an opulent altar of Gozag.
  1799 | D:2      | Found a sparkling altar of Nemelex Xobeh.
  2300 | D:2      | Killed Crazy Yiuf
  2301 | D:2      | Reached skill level 1 in Dodging
  2386 | D:3      | Reached XP level 5. HP: 46/46 MP: 5/5
  2454 | D:3      | Reached skill level 4 in Axes
  2461 | D:3      | Found a sparkling altar of Nemelex Xobeh.
  2491 | D:3      | Noticed Jessica
  2500 | D:3      | Killed Jessica
  2898 | D:3      | Found a broken altar of Ashenzari.
  2898 | D:3      | Noticed Grinder
  2997 | D:3      | Noticed Natasha
  3001 | D:3      | Killed Natasha
  3002 | D:3      | Reached skill level 5 in Axes
  3012 | D:3      | Noticed Natasha
  3027 | D:3      | Killed Natasha
  3047 | D:3      | Slain by Grinder

Illustrated notes

Levels and vault maps discovered:
D:1:      minmay_arrival_five_plusses, layout_loops_ring, minmay_three_crescents
D:2:      layout_loops_ring, grunt_temple_overflow_opulence,
          nicolae_qazlal_general_emergency, tso_metal_star,
          uniq_crazy_yiuf_cottage
D:3:      layout_loops_ring, nicolae_ashenzari_panopticon,
          nemelex_diamond_rough_becter, uniq_grinder, uniq_natasha, uniq_jessica

Skill      XL: |  1  2  3  4  5 |
---------------+----------------+-----
Axes           | 3 5 |  5.2
Armour         | 4 |  4.2
Fighting       | 4 |  4.5
Dodging        | 1 |  1.0
Shields        | 4 |  4.2

Action                   |  1- 3 |  4- 6 || total
-------------------------+-------+-------++-------
Melee: War axe           |   124 |   117 ||   241
  Use: Scroll            |       |     4 ||     4
Armor: Scale mail        |    79 |    51 ||   130
Dodge: Dodged            |    60 |    26 ||    86
Block: Kite shield       |    84 |    60 ||   144
